[Event "*** Titled Tuesday Blitz"]
[Site "Chess.com"]
[Date "2020.11.10"]
[Round "1"]
[White "PSvidler"]
[Black "MasterKroket"]
[Result "1-0"]
[WhiteElo "2881"]
[BlackElo "2444"]
[TimeControl "180+1"]
[EndTime "10:07:05 PST"]
[Termination "PSvidler won by resignation"]

1. e4 c5 2. Nf3 e6 3. d4 cxd4 4. Nxd4 Nc6 5. Nc3 Qc7 6. g3 a6 7. Bg2 Nf6 8. O-O Nxd4 9. Qxd4 Bc5 10. Bf4 d6 11. Qd2 h6 12. Na4 e5 13. Nxc5 dxc5 14. Be3 Be6 15. f3 O-O 16. a4 b5 17. Qc3 Nd7 18.
Rfd1 b4 19. Qd2 Nb6 20. b3 a5 21. Qd6 Rfc8 22. Bf1 Rab8 23. Ba6 Qxd6 24. Rxd6 Rc7 25. Rad1 Kh7 26. Kf2 Nd7 27. f4 Bg4 28. R1d5 Be6 29. fxe5 Bxd5 30. Rxd5 Re8 31. Bb5 Re7 32. Bf4 Ra7 33. h4 h5 34. Ke3 g6 35. Bg5 Rxe5 36.
Rxd7 Rxd7 37. Bxd7 Kg7 38. Bd8 c4 39. bxc4 f5 40. Bc6 fxe4 41. Bb6 Re6 42. Bd4+ Kh6 43. Bd5 Re8 44. c5 g5 45. c6 gxh4 46. gxh4 Rc8 47. Be5 Kg6 48. c7 Kf5 49. Bd6 1-0

[Event "*** Titled Tuesday Blitz"]
[Site "Chess.com"]
[Date "2020.11.10"]
[Round "1"]
[White "Gennady_Kozlov"]
[Black "xLuring1"]
[Result "0-1"]
[WhiteElo "2582"]
[BlackElo "2314"]
[TimeControl "180+1"]
[EndTime "10:07:05 PST"]
[Termination "xLuring1 won by resignation"]

1. b3 e5 2. Bb2 Nc6 3. e3 a6 4. f4 d6 5. Nf3 e4 6. Nd4 Nxd4 7.
Bxd4 Nf6 8. Be2 Be7 9. O-O O-O 10. Qe1 c5 11. Bb2 Nd5 12. Bc4 Nb4 13. Na3 d5 14.
Be2 Bf6 15. Bxf6 Qxf6 16. c3 Nc6 17. Nc2 b6 18. d4 exd3 19. Bxd3 Re8 20. Qd2 Bf5 21.
Rae1 Rad8 22. Bxa6 Ra8 23. Bd3 Rxa2 24. Bxf5 Qxf5 25. Rf2 h6 26. h3 Na5 27. Rd1 Rd8 28. Qc1 Nc6 29. Qb1 Rda8 30. b4 Qe4 31. bxc5 bxc5 32.
Qb7 Qe6 33. f5 Qd6 34. f6 Rb8 35. Qxb8+ Nxb8 36. fxg7 Kxg7 37. e4 d4 38. cxd4 cxd4 39. Rxd4 Qb6 40. Rdd2 Nc6 41. Kh2 Ne5 42. Nd4 Rxd2 43.
Nf5+ Kh7 44. Rxd2 Qc7 45. Ng3 h5 46. h4 Ng4+ 47. Kh3 Qf4 48. Rd5 Nf2+ 49. Kh2 Nxe4 50. Kg1 Nxg3 0-1

[Event "*** Titled Tuesday Blitz"]
[Site "Chess.com"]
[Date "2020.11.10"]
[Round "1"]
[White "Mikhail_Golubev"]
[Black "eCztery"]
[Result "0-1"]
[WhiteElo "2565"]
[BlackElo "2279"]
[TimeControl "180+1"]
[EndTime "10:07:05 PST"]
[Termination "eCztery won by resignation"]

1. e4 c5 2. Nf3 g6 3. d4 cxd4 4. Qxd4 Nf6 5. Nc3 Nc6 6. Qa4 d6 7. e5 dxe5 8. Nxe5 Bg7 9. Bb5 O-O 10. Nxc6 bxc6 11. Bxc6 Rb8 12. O-O Qc7 13. Bf3 Bf5 14. Re1 e5 15. Rb1 Rfd8 16. Bg5 Rd4 17. Qa6 Bxc2 18.
Bxf6 Bxb1 19. Bxg7 Kxg7 20. Nxb1 Rxb2 21. Qa3 Qc2 22.
Qe3 f6 23. Nc3 Rd2 24. Qxa7+ Kh6 25. Ne4 Rd4 26. Nxf6 Qxf2+ 0-1

[Event "*** Titled Tuesday Blitz"]
[Site "Chess.com"]
[Date "2020.11.10"]
[Round "1"]
[White "grunbergmihai"]
[Black "Annawel"]
[Result "1/2-1/2"]
[WhiteElo "2467"]
[BlackElo "2918"]
[TimeControl "180+1"]
[EndTime "10:07:06 PST"]
[Termination "Game drawn by repetition"]

1. Nf3 d5 2. c4 e6 3. g3 Nf6 4. Bg2 Be7 5. O-O O-O 6. d4 c6 7.
Qc2 Ne4 8. Rd1 Nd7 9. Nbd2 f5 10. b3 Bf6 11. Bb2 g5 12. Rac1 g4 13. Ne5 Nxe5 14. dxe5 Bg5 15. e3 Nxd2 16. Rxd2 Qe7 17. c5 h5 18. h4 gxh3 19. Bxh3 Bd7 20. f4 Bh6 21.
Rh2 Be8 22. Bg2 Bg6 23. Bf3 Kf7 24. Bxh5 Rg8 25. Kf2 Bxh5 26. Rxh5 Rg6 27. Rch1 Qf8 28. g4 fxg4 29. f5 Ke7 30. Ke1 exf5 31. Rxf5 Qg8 32. Qh2 Bxe3 33. e6 g3 34. Qh7+ Qxh7 35. Rxh7+ Ke8 36.
Rh8+ Ke7 37. Rh7+ Ke8 38. Rh8+ Ke7 39. Rh7+ 1/2-1/2

[Event "*** Titled Tuesday Blitz"]
[Site "Chess.com"]
[Date "2020.11.10"]
[Round "1"]
[White "Siemba"]
[Black "GukeshDommaraju"]
[Result "0-1"]
[WhiteElo "2432"]
[BlackElo "2860"]
[TimeControl "180+1"]
[EndTime "10:07:06 PST"]
[Termination "GukeshDommaraju won on time"]

1. e4 c6 2. d4 d5 3. e5 Bf5 4. h4 h5 5. c4 e6 6. Nc3 Ne7 7. Nge2 Nd7 8. Ng3 Bg6 9. Bg5 Qb6 10.
Rc1 dxc4 11. Bxc4 O-O-O 12. O-O Nxe5 13. Na4 Qxd4 14. Qb3 Nxc4 15. Rxc4 Qd3 16. Rc3 Qd5 17. Qa3 f6 18. Nc5 Kb8 19. Nxb7 Kxb7 20. Rb3+ Ka8 21. Be3 Qd7 22. Kh2 Nd5 23. Qa6 Nxe3 24. fxe3 Bc5 25.
Rd1 Qc7 26. Rc1 Bb6 27. a4 Rd5 28. Rb5 Rxb5 29. axb5 c5 30. b4 c4 31. Kh3 c3 32.
Qa3 Rc8 33. e4 c2 34. Qd3 Qc3 35. Qd7 Bxe4 36. Kh2 Bb7 37. Qxg7 Bc7 0-1

[Event "*** Titled Tuesday Blitz"]
[Site "Chess.com"]
[Date "2020.11.10"]
[Round "1"]
[White "Obito24"]
[Black "winniethepooh04"]
[Result "1-0"]
[WhiteElo "2563"]
[BlackElo "2227"]
[TimeControl "180+1"]
[EndTime "10:07:06 PST"]
[Termination "Obito24 won on time"]

1. e4 c5 2. Nf3 d6 3. d4 cxd4 4.
Nxd4 Nf6 5. Nc3 a6 6. Be2 e5 7. Nb3 Be7 8. g4 h6 9. h4 Qc7 10. Be3 b5 11. Rg1 Bb7 12. Bf3 b4 13. g5 bxc3 14. gxf6 Bxf6 15. bxc3 a5 16. a4 Qxc3+ 17. Bd2 Qc7 18. Bc1 Nc6 19. c3 Rd8 20. Ba3 Ke7 21. Qd2 Bxh4 22. Rxg7 Bg5 23. Rxg5 hxg5 24. Qxg5+ Kf8 25. O-O-O Nb4 26. Kb2 Na6 27. Qf6 1-0

[Event "*** Titled Tuesday Blitz"]
[Site "Chess.com"]
[Date "2020.11.10"]
[Round "1"]
[White "ErikBlomqvist"]
[Black "AungTZ"]
[Result "1-0"]
[WhiteElo "2518"]
[BlackElo "2104"]
[TimeControl "180+1"]
[EndTime "10:07:06 PST"]
[Termination "ErikBlomqvist won on time"]

1. e4 c5 2. Nf3 Nc6 3. Bb5 e6 4. O-O Nge7 5. Re1 a6 6. Bf1 d5 7.
exd5 Nxd5 8. d4 Be7 9. dxc5 Bxc5 10. c4 Nf6 11. Qxd8+ Nxd8 12. Nc3 O-O 13. Ne5 Nc6 14. Nxc6 bxc6 15. g3 Bb7 16. Bg2 Rfd8 17. Be3 Bxe3 18. Rxe3 Rd2 19. Na4 Rad8 20. Bf3 g5 21. h3 h5 22. Re5 g4 23. hxg4 hxg4 24. Bxg4 R8d4 25. Bf3 Rxc4 26. b3 Rcc2 27. Nc5 Bc8 28. Rf1 Nd5 29. Ne4 Rd3 30. Bg2 f5 31. Nd6 Bd7 32. g4 Nf4 33. Nc4 1-0

[Event "*** Titled Tuesday Blitz"]
[Site "Chess.com"]
[Date "2020.11.10"]
[Round "1"]
[White "WonderChampion"]
[Black "No_t_ime_to_die"]
[Result "0-1"]
[WhiteElo "2032"]
[BlackElo "2503"]
[TimeControl "180+1"]
[EndTime "10:07:06 PST"]
[Termination "No_t_ime_to_die won on time"]

1. d4 Nf6 2. Nf3 g6 3. e3 Bg7 4.
Bd3 O-O 5. c3 b6 6. O-O Bb7 7.
Re1 c5 8. dxc5 bxc5 9. e4 Nc6 10. Bg5 h6 11. Bh4 d6 12. Nbd2 Nd7 13. Nc4 Nb6 14. Nxb6 axb6 15. Bb5 Qc7 16. Qc2 Ne5 17. Nxe5 Bxe5 18. Qd2 Bg7 19. Rad1 Rxa2 20. Bc4 Raa8 21.
Bg3 Rfd8 22. Bd5 Bxd5 23. Qxd5 b5 24. Qd3 b4 25. cxb4 cxb4 26. Rc1 Qb7 27. Rc2 b3 28.
Rd2 Ra2 29. e5 Rda8 30. exd6 exd6 31. Qxd6 Ra1 32. Re2 Rxe1+ 33. Rxe1 Bxb2 0-1

[Event "*** Titled Tuesday Blitz"]
[Site "Chess.com"]
[Date "2020.11.10"]
[Round "1"]
[White "Legendinunknown"]
[Black "JoliyRoger"]
[Result "1-0"]
[WhiteElo "2732"]
[BlackElo "2377"]
[TimeControl "180+1"]
[EndTime "10:07:07 PST"]
[Termination "Legendinunknown won by resignation"]

1. d4 Nf6 2. c4 e6 3. Nf3 Bb4+ 4. Nbd2 b6 5. e3 Bb7 6. Bd3 O-O 7. O-O d5 8. cxd5 exd5 9. Ne5 Nbd7 10. f4 Bxd2 11.
Bxd2 Ne4 12. Be1 f6 13. Bxe4 dxe4 14. Qb3+ Kh8 15. Nf7+ Rxf7 16. Qxf7 Ba6 17. Rf2 Bd3 18. f5 c5 19. Bc3 c4 20. Rf4 Qe8 21. Qd5 Rd8 22.
Qb5 Qe7 23. Kh1 h6 24. Rg1 Qf7 25. g4 Re8 26. Rg3 Be2 27. Kg2 Bf3+ 28. Kf2 Nf8 29. h4 Nh7 30. a4 Rc8 31. a5 bxa5 32. Qxa5 Qb7 33. Qa4 a6 34. Rgxf3 exf3 35. e4 Nf8 36. Kxf3 Nd7 37. g5 Rc6 38. Qc2 Rb6 39. gxh6 gxh6 40. Qg2 Nf8 41. Rg4 Qf7 42. Qd2 Kh7 43. d5 a5 44. Qh2 a4 45. h5 Rb3 46. Rg6 a3 47.
Qd2 Kh8 48. Rxh6+ Nh7 49. bxa3 Rxa3 50. Kf4 Kg8 51. Rg6+ Kh8 52. Qb2 Qc7+ 53. Kg4 Rb3 54. Bxf6+ Nxf6+ 55. Qxf6+ Kh7 56. Rh6+ 1-0

[Event "*** Titled Tuesday Blitz"]
[Site "Chess.com"]
[Date "2020.11.10"]
[Round "1"]
[White "KaterinaMiroshnik"]
[Black "oneshot007"]
[Result "1-0"]
[WhiteElo "2564"]
[BlackElo "2233"]
[TimeControl "180+1"]
[EndTime "10:07:07 PST"]
[Termination "KaterinaMiroshnik won by resignation"]

1. d3 g6 2. Nf3 Bg7 3. g3 Nf6 4.
Bg2 O-O 5. O-O c5 6. Nbd2 Nc6 7. c3 d6 8. e4 Rb8 9. a4 a6 10. Re1 Nd7 11. Nf1 b5 12. axb5 axb5 13. Ne3 b4 14. Bd2 bxc3 15. bxc3 Nde5 16. Nxe5 Nxe5 17.
Qe2 Rb2 18. Reb1 Qb6 19. Rxb2 Qxb2 20. Rd1 Ba6 21. c4 Rb8 22. Bf1 Rb3 23. Bc1 Qxe2 24. Bxe2 Nc6 25. Nd5 e6 26. Nc7 Bc8 27. Be3 Nd4 28. Bxd4 Bxd4 29. Nb5 Rb2 30. Kf1 d5 31. Nxd4 cxd4 32. exd5 exd5 33. Bf3 dxc4 34. dxc4 Be6 35. Rxd4 Rb4 36. Be2 Bh3+ 37. Ke1 Be6 38. Kd1 Kf8 39. Kc2 Ke7 40. Kc3 Ra4 41.
Kb3 Ra7 42. h4 Rb7+ 43. Kc3 Rc7 44. Bd3 Ra7 45. Be4 Ra2 46. Bc2 Ra3+ 47. Bb3 Ra2 1-0

[Event "*** Titled Tuesday Blitz"]
[Site "Chess.com"]
[Date "2020.11.10"]
[Round "1"]
[White "ajdemipopushi"]
[Black "baki83"]
[Result "0-1"]
[WhiteElo "2398"]
[BlackElo "2774"]
[TimeControl "180+1"]
[EndTime "10:07:09 PST"]
[Termination "baki83 won on time"]

1. Nf3 d5 2. g3 Nf6 3. c4 c6 4. Bg2 dxc4 5. O-O Nbd7 6. Na3 Nb6 7. Qc2 Be6 8. Ng5 Qd7 9. Nxe6 Qxe6 10. b3 cxb3 11.
axb3 g6 12. Nc4 Nxc4 13. bxc4 Bg7 14. d4 O-O 15. e4 c5 16. d5 Qd6 17. Bb2 e5 18. h3 Nh5 19. Bc3 Kh8 20. Qb2 b6 21. f4 exf4 22. Bxg7+ Nxg7 23. e5 Qd7 24. Rxf4 Kg8 25. Raf1 Rae8 26. h4 Qe7 27. Bh3 Qxe5 28. Qf2 f5 29. g4 Qe3 30. gxf5 Qxh3 31. fxg6 Rxf4 32. gxh7+ Kh8 33. Qxf4 Re3 0-1

[Event "*** Titled Tuesday Blitz"]
[Site "Chess.com"]
[Date "2020.11.10"]
[Round "1"]
[White "temus_galaktionov"]
[Black "filali-marouan"]
[Result "1-0"]
[WhiteElo "2645"]
[BlackElo "2325"]
[TimeControl "180+1"]
[EndTime "10:07:09 PST"]
[Termination "temus_galaktionov won by resignation"]

1. d4 c6 2. c4 d5 3. Nf3 Nf6 4.
Qb3 e6 5. Nc3 Bd6 6. Bg5 Nbd7 7.
e3 O-O 8. Bd3 Re8 9. O-O b6 10.
Rfd1 Bb7 11. Rac1 Rc8 12. h3 Qe7 13. Qc2 Bb8 14. Bxh7+ Kf8 15. Bd3 e5 16. dxe5 Nxe5 17. Nxe5 Bxe5 18. cxd5 cxd5 19. Bb5 Red8 20. Qa4 a6 21.
Be2 Bxc3 22. bxc3 Qe4 23. Rd4 Qg6 24. Qb4+ Kg8 25. Qxb6 Qxg5 26. Qxb7 Rb8 27. Qxa6 Rb2 28. Bf3 Nd7 29. Rxd5 Ne5 30. Rxd8+ Qxd8 31. Qa8 Qxa8 32. Bxa8 Rxa2 33. Bd5 Rd2 34. c4 Nd3 35. Rf1 Kf8 36. g4 Ke7 37. Kg2 g5 38. Kg3 f5 39. gxf5 Kf6 40.
Be6 Ke5 41. f3 Re2 42. f4+ gxf4+ 43. exf4+ Kf6 44. Kf3 Rh2 45. Ke3 Nc5 46. Rf3 Nxe6 47. fxe6 Kxe6 48. f5+ Kf6 49. Kd4 Rd2+ 50. Kc5 Rd3 51.
Rxd3 1-0

[Event "*** Titled Tuesday Blitz"]
[Site "Chess.com"]
[Date "2020.11.10"]
[Round "1"]
[White "azikom"]
[Black "nicoderboss24"]
[Result "1-0"]
[WhiteElo "2555"]
[BlackElo "2209"]
[TimeControl "180+1"]
[EndTime "10:07:09 PST"]
[Termination "azikom won by resignation"]

1. e4 e5 2. Nc3 Nc6 3. Nf3 Nf6 4. Bb5 Bb4 5. d3 d6 6. O-O O-O 7. Bg5 Bg4 8. Nd5 Nd4 9. Bxf6 gxf6 10. Nxb4 Bxf3 11.
gxf3 Nxb5 12. Kh1 Kh8 13. Rg1 Nd4 14. Nd5 c6 15. Ne3 Rg8 16. Rxg8+ Qxg8 17. c3 Ne6 18.
Qf1 Nf4 19. Rd1 c5 20. d4 cxd4 21. cxd4 Rc8 22. dxe5 dxe5 23. Qg1 Qxg1+ 24. Kxg1 Kg7 25. Kf1 Kf8 26. a4 a5 27. Ke1 Ke8 28. Rd6 Rc6 29. Rxc6 bxc6 30. Nc4 Nd3+ 31. Kd2 Nc5 32. Nxa5 Nxa4 33.
b3 Nc5 34. b4 Na6 35. Kc3 Kd7 36. Nc4 Nc7 37. Ne3 Nb5+ 38. Kc4 Nd4 39. Ng4 Ke6 40.
f4 Nc2 41. f5+ Ke7 42. Kc5 h5 43. Ne3 Nd4 44. h3 Kd7 45. Nc4 Nb3+ 46. Kb6 Nd4 47. Na5 Kd6 48. Nb7+ Kd7 49. Nc5+ Kd6 50. Nd3 Nb5 51.
Nb2 Nc3 52. Nc4+ Kd7 53. Nd2 Kd6 54. Nc4+ Kd7 55. f3 Nb5 56. Nd2 Nd4 57. Kc5 Nb3+ 58. Nxb3 1-0

[Event "*** Titled Tuesday Blitz"]
[Site "Chess.com"]
[Date "2020.11.10"]
[Round "1"]
[White "tandaleo"]
[Black "smartinusa"]
[Result "0-1"]
[WhiteElo "2304"]
[BlackElo "2622"]
[TimeControl "180+1"]
[EndTime "10:07:12 PST"]
[Termination "smartinusa won on time"]

1. d4 d5 2. c4 c6 3. cxd5 cxd5 4.
Nc3 Nc6 5. Bf4 Nf6 6. e3 Bf5 7. Qb3 Na5 8. Qa4+ Bd7 9. Qc2 Rc8 10. Bd3 b5 11. Qd2 Nc4 12. Bxc4 dxc4 13. a3 Bc6 14.
Nf3 a5 15. O-O e6 16. Ne5 b4 17. axb4 axb4 18. Na4 Be7 19. Rfc1 Bd5 20. f3 g5 21. Bg3 Nh5 22. e4 Nxg3 23. hxg3 f6 24. exd5 fxe5 25.
dxe6 exd4 26. Qe2 d3 27. Qe5 O-O 28. Kf2 Bf6 29. Qe4 c3 30. bxc3 bxc3 31. Nxc3 Qd4+ 32. Kf1 Rxc3 33. Rxc3 Qxc3 0-1

[Event "*** Titled Tuesday Blitz"]
[Site "Chess.com"]
[Date "2020.11.10"]
[Round "1"]
[White "Onischuk_V"]
[Black "Shuvalov"]
[Result "1-0"]
[WhiteElo "2876"]
[BlackElo "2443"]
[TimeControl "180+1"]
[EndTime "10:07:13 PST"]
[Termination "Onischuk_V won by resignation"]

1. e4 e6 2. d4 d5 3. Bd3 c5 4. exd5 exd5 5. Nf3 c4 6. Be2 Nf6 7.
O-O Be7 8. b3 cxb3 9. axb3 O-O 10.
c4 Nc6 11. Nc3 Bf5 12. Be3 a6 13. Ne5 Nb4 14. Rc1 Rc8 15. Qd2 Re8 16. h3 h6 17. Bf3 Bd6 18. cxd5 Bxe5 19. dxe5 Rxe5 20. Qd4 Nd3 21. Rcd1 Qc7 22. Na4 b5 23. Nb6 Rb8 24. d6 Qxb6 25. Qxb6 Rxb6 26. Bxb6 Nd7 27. Be3 a5 28.
Ra1 b4 29. Rfd1 a4 30. Rxa4 Kh7 31. Ra7 N3c5 32. Bxc5 Nxc5 33. d7 Bxd7 34. Rdxd7 Nxd7 35. Rxd7 Kg6 36. Rd4 Rb5 37. Be2 Rb6 38. f4 f6 39. Kf2 Kf7 40. Bc4+ Kg6 41. g4 h5 42. Bd3+ Kh6 43. Rd8 g6 44. gxh5 gxh5 45. Rd7 f5 46.
Bxf5 1-0

[Event "*** Titled Tuesday Blitz"]
[Site "Chess.com"]
[Date "2020.11.10"]
[Round "1"]
[White "Stalri"]
[Black "gilbert_gm"]
[Result "0-1"]
[WhiteElo "2184"]
[BlackElo "2543"]
[TimeControl "180+1"]
[EndTime "10:07:13 PST"]
[Termination "gilbert_gm won by checkmate"]

1. d4 c6 2. c4 d5 3. Nc3 Nf6 4. cxd5 cxd5 5. f3 Nc6 6. e4 e6 7. e5 Ng8 8. Be3 Nge7 9. Bd3 Nf5 10. Bxf5 exf5 11. f4 Be6 12. Nf3 Be7 13. O-O O-O 14.
Ne2 Rc8 15. Qe1 Nb4 16. Qf2 Nd3 17. Qg3 Nxb2 18. h4 Nc4 19. Bf2 Qb6 20. h5 g6 21.
hxg6 hxg6 22. Qh3 Kg7 23. Bh4 Rh8 24. Bxe7 Rxh3 25. Bf6+ Kf8 26. gxh3 Ke8 27. Kf2 Na3 28. h4 Bd7 29. h5 gxh5 30. Rg1 Bb5 31. Rg7 Bxe2 32.
Ng5 Qxd4+ 33. Kg3 Rc3+ 34. Kg2 Qd2 35. Nxf7 Bg4+ 36. Kg1 Rg3+ 37. Kf1 Bh3# 0-1

[Event "*** Titled Tuesday Blitz"]
[Site "Chess.com"]
[Date "2020.11.10"]
[Round "1"]
[White "bascheyaro"]
[Black "InitiatingASC"]
[Result "1-0"]
[WhiteElo "2737"]
[BlackElo "2382"]
[TimeControl "180+1"]
[EndTime "10:07:15 PST"]
[Termination "bascheyaro won by resignation"]

1. d4 Nf6 2. c4 e6 3. Bg5 d5 4. Nc3 Be7 5. e3 O-O 6. Nf3 c6 7. Qc2 Nbd7 8. Rd1 dxc4 9. Bxc4 b5 10. Bd3 a6 11. Ne4 Qa5+ 12. Ke2 h6 13. Bxf6 Nxf6 14.
Qxc6 Ra7 15. Qc3 Qxa2 16. Ne5 Qd5 17. f3 Qd8 18. Nc6 Rc7 19. Nxd8 Rxc3 20. bxc3 Rxd8 21.
Nxf6+ Bxf6 22. c4 b4 23. c5 Bb7 24. Ra1 Ra8 25. c6 Bxc6 26. Rxa6 Rxa6 27. Bxa6 Be7 28. Rb1 h5 29. Kd3 g6 30. e4 Kf8 31. Rc1 Bd7 32.
Rc7 Ke8 33. Rb7 Kd8 34. Kc4 Bc6 35. Ra7 Bd7 36. Bb5 Bc8 37. Bc6 g5 38. h3 h4 39.
e5 f6 40. exf6 Bxf6 41. Ba4 Be7 42. Kb5 Bf6 43. Kc6 Bxd4 44. Ra8 Be5 45. Bb3 1-0

[Event "*** Titled Tuesday Blitz"]
[Site "Chess.com"]
[Date "2020.11.10"]
[Round "1"]
[White "Agnes66678"]
[Black "JonahWillow"]
[Result "1-0"]
[WhiteElo "2341"]
[BlackElo "2627"]
[TimeControl "180+1"]
[EndTime "10:07:15 PST"]
[Termination "Agnes66678 won by checkmate"]

1. Nf3 c5 2. g3 g6 3. Bg2 Bg7 4. O-O Nc6 5. c3 e5 6. c4 d6 7. Nc3 Nge7 8. d3 O-O 9. Rb1 h6 10. a3 b6 11. b4 Rb8 12. Ne1 Bb7 13. Nc2 Qd7 14. Ne3 Nd4 15. Ned5 Nxd5 16. Nxd5 f5 17.
e3 Ne6 18. Bb2 Nc7 19. Qb3 Nxd5 20. cxd5 a5 21. bxa5 bxa5 22. Bc3 a4 23. Qc4 Ba8 24.
f4 exf4 25. Bxg7 Kxg7 26. gxf4 h5 27. Qc3+ Kh7 28. Rb2 Rxb2 29. Qxb2 Qc7 30. Rb1 Re8 31. Kf2 Qe7 32. Qe2 Qh4+ 33. Kg1 Qe7 34. e4 Bxd5 35. Re1 fxe4 36. dxe4 Bc6 37. f5 Qg5 38. fxg6+ Qxg6 39.
Kh1 Rg8 40. Bf3 Qg5 41. Bxh5 Bb5 42. Qf3 Kh6 43. Bf7 Rf8 44. Qh3+ Kg7 45. Bd5 Qf4 46. Rg1+ Kf6 47. Qe6# 1-0

[Event "*** Titled Tuesday Blitz"]
[Site "Chess.com"]
[Date "2020.11.10"]
[Round "1"]
[White "Margarita2907"]
[Black "scarabee43"]
[Result "1/2-1/2"]
[WhiteElo "2237"]
[BlackElo "2555"]
[TimeControl "180+1"]
[EndTime "10:07:15 PST"]
[Termination "Game drawn by repetition"]

1. e4 c5 2. Nf3 e6 3. d4 cxd4 4. Nxd4 Nc6 5. Nc3 Qc7 6. Be3 a6 7. Be2 Nf6 8. O-O Bb4 9. f3 O-O 10. Kh1 b5 11. Nxc6 dxc6 12. Qd4 c5 13. Qd2 Rd8 14. Qe1 e5 15. a3 Ba5 16. Qg3 Bxc3 17. bxc3 Nh5 18. Qg5 Nf4 19. Bxf4 exf4 20. Rad1 Be6 21.
e5 Qa5 22. Qxf4 Qxc3 23. Qg5 Rxd1 24. Rxd1 Re8 25. Qe7 Rf8 26. h3 h6 27. Rd8 Rxd8 28. Qxd8+ Kh7 29. Bd3+ g6 30. Qf6 c4 31. Bxg6+ fxg6 32. Qxe6 Qxa3 33. Qf7+ Kh8 34. Qf6+ Kh7 35. Qf7+ Kh8 36.
e6 Qa1+ 37. Kh2 Qe5+ 38. Kh1 Qe1+ 39. Kh2 Qe5+ 40. Kh1 Qa1+ 41. Kh2 Qe5+ 1/2-1/2

[Event "*** Titled Tuesday Blitz"]
[Site "Chess.com"]
[Date "2020.11.10"]
[Round "1"]
[White "Chernov_Mikhail"]
[Black "Joshukid"]
[Result "1-0"]
[WhiteElo "2333"]
[BlackElo "2621"]
[TimeControl "180+1"]
[EndTime "10:07:16 PST"]
[Termination "Chernov_Mikhail won by checkmate"]

1. e4 c6 2. d4 d5 3. e5 Bf5 4. h4 h5 5. c4 e6 6. Nc3 dxc4 7. Bxc4 Nd7 8. Bg5 Be7 9. Qd2 Bxg5 10. hxg5 Ne7 11. Nge2 Nb6 12. Bb3 Nbd5 13. Ng3 Bg6 14. Nce4 Nc8 15. Bc2 Qb6 16. O-O-O Ke7 17. Nc5 Bxc2 18. Qxc2 h4 19. Qe4 Qa5 20. Rxh4 Rxh4 21. Qxh4 Qxa2 22. g6+ f6 23. exf6+ Kd6 24. Nge4+ Kc7 25.
Qg3+ Kb6 26. fxg7 Qa1+ 27. Kd2 Qxb2+ 28. Ke1 Nce7 29. Qd3 Nb4 30. Qd2 Qa3 31. Rb1 a5 32.
Nd6 Ka7 33. Nc4 Qa2 34. Qxa2 Nxa2 35. Rxb7# 1-0

[Event "*** Titled Tuesday Blitz"]
[Site "Chess.com"]
[Date "2020.11.10"]
[Round "1"]
[White "LubovMarkelova"]
[Black "Natalya_Buksa"]
[Result "0-1"]
[WhiteElo "2227"]
[BlackElo "2563"]
[TimeControl "180+1"]
[EndTime "10:07:18 PST"]
[Termination "Natalya_Buksa won on time"]

1. Nf3 d5 2. d4 Nf6 3. c4 e6 4. e3 Be7 5. Nc3 O-O 6. b3 dxc4 7. Bxc4 c5 8. O-O a6 9. Bb2 b5 10. Be2 Bb7 11. Rc1 Nbd7 12. Qc2 Rc8 13. Qb1 Qb6 14. Rfd1 Rfd8 15. Qa1 h6 16. dxc5 Nxc5 17. Ne5 Rxd1+ 18. Rxd1 Rd8 19. Bf3 Bxf3 20. Nxf3 Nd3 21. Nd4 Nxb2 22. Qxb2 Bc5 23. Nf3 Ng4 24. Qe2 Rxd1+ 25. Nxd1 Bb4 26. h3 Nf6 27. Qd3 Qc7 28. g3 Qc1 29. Kg2 Qc6 30. Qd8+ Bf8 31. Qd3 Nd5 32. e4 Nb4 33. Qd2 Qxe4 34.
Ne3 Qd3 35. Qxd3 Nxd3 36. Nd4 Nc1 37. Nc6 Nxa2 38. Nb8 Nb4 39. Nd1 Be7 40. Nd7 f6 41. Nc3 Kf7 42. Nb6 f5 43. Nc8 Bc5 44. Nd1 Ke8 0-1

[Event "*** Titled Tuesday Blitz"]
[Site "Chess.com"]
[Date "2020.11.10"]
[Round "1"]
[White "Shtembuliak"]
[Black "IANOV0007"]
[Result "1-0"]
[WhiteElo "2864"]
[BlackElo "2432"]
[TimeControl "180+1"]
[EndTime "10:07:19 PST"]
[Termination "Shtembuliak won on time"]

1. c4 d6 2. Nc3 g6 3. d4 Bg7 4.
e4 c5 5. Nge2 Nc6 6. Be3 Qa5 7.
d5 Ne5 8. Ng3 h5 9. Be2 Nf6 10. f3 h4 11. Nf1 h3 12. g3 a6 13.
a4 Qb4 14. Nd2 Qxb2 15. Rc1 Qb4 16. O-O Qa5 17. g4 Bd7 18. g5 Nfg4 19. fxg4 Nxg4 20. Bxg4 Bxg4 21. Qxg4 Bxc3 22. Nf3 Bg7 23. Rb1 Qc7 24. e5 dxe5 25. Nd2 b6 26. Ne4 a5 27. Rxf7 Kxf7 28.
Qe6+ Ke8 29. Rxb6 Qd7 30. Nd6+ Kd8 31. Nf7+ Ke8 32. Nxh8 Qxe6 33. Rxe6 Bxh8 34. Rxg6 Kd7 35. Kf2 e4 36. Kg3 Be5+ 37. Kxh3 Rb8 38. Bxc5 Rb3+ 39. Kg4 Rc3 40. Re6 1-0

[Event "*** Titled Tuesday Blitz"]
[Site "Chess.com"]
[Date "2020.11.10"]
[Round "1"]
[White "AlexeiShirov"]
[Black "SaqoChess_Twitch"]
[Result "1-0"]
[WhiteElo "2798"]
[BlackElo "2400"]
[TimeControl "180+1"]
[EndTime "10:07:19 PST"]
[Termination "AlexeiShirov won by resignation"]

1. e4 c5 2. Nf3 d6 3. d4 cxd4 4. Nxd4 Nf6 5. Nc3 g6 6. Be3 Bg7 7. f3 O-O 8. Qd2 Nc6 9. Bc4 Bd7 10.
O-O-O Rc8 11. Bb3 Nxd4 12. Bxd4 b5 13. Nd5 Nxd5 14. Bxg7 Kxg7 15. exd5 a5 16. a3 b4 17. axb4 axb4 18. Qxb4 Rb8 19. Qc3+ Kg8 20. Rhe1 Re8 21. Re4 Bf5 22. Ra4 Qb6 23. Qd4 Qb5 24. Qc4 Qb7 25. Qc6 Rec8 26. Qxb7 Rxb7 27. Kd2 Rxb3 28. cxb3 Rc2+ 29. Ke3 Rxb2 30. g4 Rxb3+ 31. Kf4 Bc2 32. Ra8+ Kg7 33. Rd2 Bb1 34. Re8 g5+ 35. Kxg5 Rxf3 36.
Rxe7 Bd3 37. Rd7 Bf1 38. h4 h6+ 39. Kh5 Rd3 40. Rf2 Rxd5+ 41. g5 Be2+ 42. Rxe2 hxg5 43. hxg5 Rd4 44. Rf2 1-0

[Event "*** Titled Tuesday Blitz"]
[Site "Chess.com"]
[Date "2020.11.10"]
[Round "1"]
[White "Unknown_IM"]
[Black "PavlovDanila"]
[Result "0-1"]
[WhiteElo "2336"]
[BlackElo "2670"]
[TimeControl "180+1"]
[EndTime "10:07:19 PST"]
[Termination "PavlovDanila won by checkmate"]

1. e4 e6 2. d4 d5 3. Bd3 Nf6 4. e5 Nfd7 5. Ne2 c5 6. c3 Nc6 7. a3 f6 8. f4 cxd4 9. cxd4 Qb6 10. Nbc3 Be7 11. Na4 Qc7 12. Be3 fxe5 13. fxe5 O-O 14. Nf4 Ndxe5 15. dxe5 Qxe5 16. Qe2 Nd4 17. Bxd4 Qxd4 18.
Nxe6 Bxe6 19. Qxe6+ Kh8 20. Qh3 Bh4+ 21. Kd1 Qxa4+ 22.
Bc2 Qf4 23. Qd3 g6 24. g3 Qg4+ 25. Kc1 Bf6 26. Kb1 Rae8 27. Ka2 d4 28. Rae1 Qg5 29. Bb3 Re3 30. Qc4 Qe5 31. Ref1 d3 32. Re1 Qxb2# 0-1

[Event "*** Titled Tuesday Blitz"]
[Site "Chess.com"]
[Date "2020.11.10"]
[Round "1"]
[White "Matols"]
[Black "Savagelittlemole"]
[Result "0-1"]
[WhiteElo "2267"]
[BlackElo "2583"]
[TimeControl "180+1"]
[EndTime "10:07:19 PST"]
[Termination "Savagelittlemole won by checkmate"]

1. d4 Nf6 2. c4 g6 3. g3 Bg7 4. Bg2 O-O 5. Nc3 d6 6. Nf3 Nbd7 7. O-O e5 8. e4 Re8 9. h3 exd4 10. Nxd4 Nc5 11.
Re1 Ne6 12. Be3 Nxd4 13. Bxd4 Bd7 14. Qd2 Bc6 15. Nd5 Bxd5 16. cxd5 Nd7 17. Rac1 Rc8 18.
b4 a6 19. Kh2 Bxd4 20. Qxd4 Qf6 21. Red1 Re7 22. Qa7 Ne5 23. Qxb7 Rce8 24. f4 Nd7 25.
Rxc7 Nf8 26. Rdc1 Rxe4 27. Bxe4 Rxe4 28. R7c2 Qd4 29. Qxa6 Qxb4 30. Qd3 Rd4 31. Qf3 Rd2+ 32. Kh1 Rxc2 33. Rxc2 Qb1+ 34. Kg2 Qxc2+ 35. Qf2 Qc4 36. Qd2 Nd7 37. Kh2 Nc5 38. Qb2 Qxd5 39. Qb8+ Kg7 40.
Qb2+ f6 41. Qe2 Qe4 42. Qb2 Nd3 43. Qc2 d5 44. Qc7+ Kh6 45. Qc2 Ne1 46. Qc1 Qg2# 0-1